 Dungeon Crawl Stone Soup version 0.18-a0-1243-g9e52518 (webtiles) character file.

10812 namelastname112 the Basher (level 11, -1/97 HPs)
             Began as a Red Draconian Gladiator on Feb 5, 2016.
             Was an Initiate of Gozag.
             Slain by a cyan ugly thing (11 damage)
             ... on level 11 of the Dungeon.
             The game lasted 00:23:38 (12978 turns).

namelastname112 the Basher (DrGl)                  Turns: 12978, Time: 00:23:40

Health: -1/97      AC: 14    Str: 19    XL:     11   Next: 41%
Magic:  11/11      EV: 17    Int: 11    God:    Gozag
Gold:   511        SH:  3    Dex: 14    Spells: 0 memorised, 10 levels left

rFire  + . .     SeeInvis .     S - +1 flail (protect)
rCold  . . .     Gourm    .     (armour unavailable)
rNeg   . . .     Faith    .     (no shield)
rPois  .         Spirit   .     b - +1 hat
rElec  .         Dismiss  .     (no cloak)
rCorr  .         Reflect  +     (no gloves)
SustAt .         Harm     .     I - +0 pair of boots
MR     .....                    N - +3 amulet of reflection
Stlth  ..........               R - +3 ring of intelligence
                                A - ring of loudness (curse)

@: short of breath, gold aura, not resistant to hostile enchantments, extremely
unstealthy
A: breathe fire, unfitting armour, fire resistance 1, sense surroundings 1,
cold-blooded, subdued magic 1, AC +7
a: Breathe Fire, Potion Petition, Call Merchant, Bribe Branch, Renounce Religion


You were on level 11 of the Dungeon.
You worshipped Gozag.
Gozag was noncommittal.
You were not hungry.

You visited 2 branches of the dungeon, and saw 12 of its levels.
You also visited: Ossuary.

You collected 1261 gold pieces.
You paid 746 gold pieces to Gozag.

Inventory:

Hand Weapons
 t - a +0 blowgun
 v - a +1 whip of flaming
 S - a +1 flail of protection (weapon)
Missiles
 c - 5 throwing nets (quivered)
 g - 11 curare-tipped needles
 x - 4 steel tomahawks
Armour
 b - a +1 hat (worn)
 u - a +0 shield
 I - a +0 pair of boots (worn)
Jewellery
 A - a cursed ring of loudness (left hand)
 G - an uncursed ring of ice
 N - a +3 amulet of reflection (around neck)
 R - a +3 ring of intelligence (right hand)
Wands
 E - a wand of polymorph (5/24)
 F - a wand of flame (17/48)
 H - a wand of lightning (1/15)
 J - a wand of teleportation (4/9)
 L - a wand of random effects (24/48)
Scrolls
 h - 2 scrolls of fear
 k - 2 scrolls of remove curse
 m - a scroll of blinking
 n - 2 scrolls of random uselessness {unknown}
 w - a scroll of amnesia
 y - 9 scrolls of identify
 z - 3 scrolls of magic mapping
 C - 3 scrolls of teleportation
 D - a scroll of fog {unknown}
 K - 2 scrolls of enchant armour
 O - a scroll of noise {unknown}
 U - a scroll of enchant weapon {unknown}
Potions
 a - 2 potions of cancellation {unknown}
 e - a potion of curing
 f - 2 potions of haste {unknown}
 i - 5 potions of brilliance
 j - 2 potions of invisibility {unknown}
 l - 2 potions of cure mutation {unknown}
 o - a potion of mutation {unknown}
 p - 3 potions of ambrosia {unknown}
 q - 2 potions of might {unknown}
 s - a potion of agility {unknown}
 B - a potion of poison {unknown}
 Q - a potion of heal wounds
 T - a potion of magic {unknown}
Books
 M - a book of Spatial Translocations

   Spells                             Type                      Level
   a - Apportation                    Translocation                1
   b - Blink                          Translocation                2
   c - Shroud of Golubria             Charms/Translocation         2
   d - Portal Projectile              Translocation                3
   e - Teleport Other                 Translocation                3
   f - Passage of Golubria            Translocation                4
Comestibles
 d - 12 bread rations
 r - 2 meat rations
 P - 4 fruits


   Skills:
 + Level 9.3 Fighting
 * Level 11.7 Maces & Flails
 + Level 7.4 Throwing
 + Level 8.1 Dodging


You had 10 spell levels left.
You didn't know any spells.

Dungeon Overview and Level Annotations

Branches:
Dungeon (11/15)            Temple (1/1) D:5             Orc (0/2) D:9
   Lair: D:8-11

Altars:
Ashenzari
Cheibriados
Dithmenos
Elyvilon
Fedhas
Gozag
Kikubaaqudgha
Makhleb
Nemelex Xobeh
Okawaru
Pakellas
Qazlal
Ru
Sif Muna
Trog
Vehumet
Xom
Yredelemnul
Zin
The Shining One

Shops:
D:7 %}=   D:10 (


Innate Abilities, Weirdness & Mutations

You can breathe blasts of fire.
Your fiery red scales are hard (AC +7).
Your body does not fit into most forms of armour.
Your flesh is heat resistant.
You are cold-blooded and may be slowed by cold attacks.
You passively map a small area around you.
Your spells are a little easier to cast, but a little less powerful.


Message History

You destroy the redback zombie!
You bludgeon the yak!!
The yak is heavily wounded.
You hit the yak but do no damage.
Your tail-slap misses the yak.
The yak is heavily wounded.
The yak is no longer distracted by gold.
The yak barely misses you. The cyan ugly thing tentacle-slaps you!
* * * LOW HITPOINT WARNING * * *
The cyan ugly thing shocks you!
* * * LOW HITPOINT WARNING * * *
Press: ? - help, Shift-Dir - straight line, f - cyan ugly thing
Aim: a cyan ugly thing You breathe a blast of fire.
The fiery breath hits the cyan ugly thing.
The cyan ugly thing is lightly wounded.
You feel somewhat more hungry. The yak misses you.
The cyan ugly thing is engulfed in roaring flames.
The cyan ugly thing tentacle-slaps you!
You die...
Your body crumbles into a pile of gold.

, ,#......+
,, #......# $
, , +......#
,
#####......#,
, ,
...........#
*
...........#,
, *,
.......oYo?#*
,
.Z.u.###u###
, ...
,#.$@Y.#
####+##.....#
............#
.....##....##
.....##'#####
,
........<...#
............#
,
............#
#############


You could see a cyan ugly thing, 2 yaks, an orc warrior and an orc priest.

Vanquished Creatures
  The ghost of namelastname112 the Basher, a novice DrGl of Gozag (D:9)
  A queen ant (D:8)
  An unseen horror (D:10)
  A redback zombie (D:11)
  A merfolk (D:9)
  2 trolls
  The ghost of Chiseanne the Covered, an amateur CeAE of Gozag (D:4)
  6 yaks
  A spriggan (D:8)
  A hippogriff (D:7)
  2 hungry ghosts
  Menkaure (D:7)
  2 nagas (D:9)
  4 soldier ants (D:8)
  2 water moccasins
  A wasp (D:10)
  5 ice beasts
  3 orc warriors
  2 black bears (D:7)
  A necrophage (D:7)
  3 ogres
  4 phantoms
  3 centaurs
  3 big kobolds (D:9)
  Blork the orc (D:4)
  A gnoll sergeant (D:10)
  A wyvern zombie (D:8)
  5 giant frogs
  2 scorpions
  A water moccasin zombie (D:7)
  14 killer bees
  3 wights (D:9)
  2 crimson imps
  3 centaur zombies
  A giant frog zombie (D:9)
  5 orc wizards
  5 hounds
  3 jellies
  2 centaur skeletons
  3 orc priests
  An iguana (D:4)
  28 worker ants
  2 killer bee zombies
  A big kobold zombie (Ossuary)
  A hound zombie (D:5)
  A hound skeleton (D:10)
  8 mummies (Ossuary)
  8 gnolls
  A worker ant zombie (D:5)
  5 adders
  3 shadow imps
  2 adder skeletons
  5 worms
  5 giant geckos
  32 orcs
  3 ball pythons
  3 giant cockroaches
  3 gnoll zombies (Ossuary)
  8 goblins
  8 hobgoblins
  7 kobolds
  7 quokkas
  6 bats
  8 giant newts
  2 hobgoblin zombies (Ossuary)
  A jackal skeleton (D:9)
  2 kobold zombies (Ossuary)
  7 rats
272 creatures vanquished.

Notes
Turn   | Place    | Note
--------------------------------------------------------------
     0 | D:1      | namelastname112 the Draconian Gladiator began the quest for the Orb.
     0 | D:1      | Reached XP level 1. HP: 17/17 MP: 1/1
   204 | D:1      | Reached XP level 2. HP: 24/24 MP: 2/2
   641 | D:2      | Reached XP level 3. HP: 28/30 MP: 3/3
  1446 | D:2      | Reached XP level 4. HP: 34/37 MP: 4/4
  1540 | D:3      | Reached skill level 4 in Maces & Flails
  1907 | D:3      | Reached XP level 5. HP: 26/45 MP: 5/5
  2109 | D:3      | Found a basalt altar of Yredelemnul.
  2366 | D:4      | Noticed Chiseanne's ghost (amateur CeAE)
  2385 | D:4      | Killed Chiseanne's ghost
  2385 | D:4      | Reached skill level 5 in Maces & Flails
  2385 | D:4      | Reached XP level 6. HP: 46/52 MP: 6/6
  2621 | D:4      | Reached XP level 7. HP: 59/59 MP: 7/7
  2621 | D:4      | Your scales start taking on a fiery red colour.
  2621 | D:4      | Gained mutation: Your flesh is heat resistant. [Red Draconian growth]
  2883 | D:4      | Found a sand-covered staircase.
  2891 | Ossuary  | Entered an ossuary
  3336 | D:4      | Noticed Blork the orc
  3349 | D:4      | Killed Blork the orc
  3349 | D:4      | Reached skill level 6 in Maces & Flails
  3471 | D:5      | Entered Level 5 of the Dungeon
  3591 | D:5      | Reached skill level 5 in Fighting
  3706 | D:5      | Reached XP level 8. HP: 26/68 MP: 8/8
  3987 | D:5      | Reached skill level 7 in Maces & Flails
  4024 | D:5      | Found a staircase to the Ecumenical Temple.
  4062 | D:5      | Found a burning altar of Makhleb.
  4062 | D:5      | Noticed a balrug
  4074 | Temple   | Entered the Ecumenical Temple
  4610 | D:6      | Reached skill level 5 in Dodging
  4618 | D:6      | Found a radiant altar of Vehumet.
  5243 | D:7      | Found Uxziff's Food Boutique.
  5289 | D:7      | Reached skill level 8 in Maces & Flails
  5289 | D:7      | Reached skill level 5 in Throwing
  5289 | D:7      | Reached XP level 9. HP: 36/75 MP: 9/9
  6133 | D:7      | Found Agecel's Jewellery Shop.
  6211 | D:7      | Found Laguam's Gadget Shoppe.
  7178 | D:7      | Reached skill level 9 in Maces & Flails
  7199 | D:7      | Noticed Menkaure
  7202 | D:7      | Killed Menkaure
  7474 | D:8      | Found a glowing golden altar of the Shining One.
  7508 | D:8      | Noticed a queen ant
  7570 | D:8      | Killed a queen ant
  7570 | D:8      | Reached XP level 10. HP: 27/86 MP: 10/10
  7672 | D:8      | Reached skill level 10 in Maces & Flails
  8712 | D:8      | Found a glowing silver altar of Zin.
  8713 | D:8      | Found an opulent altar of Gozag.
  8717 | D:8      | Became a worshipper of Gozag Ym Sagoz the Greedy
  8835 | D:8      | Found an iron altar of Okawaru.
  9284 | D:9      | Found a staircase to the Orcish Mines.
  9348 | D:9      | Found a stormy altar of Qazlal.
  9351 | D:9      | Found a shadowy altar of Dithmenos.
  9355 | D:9      | Found a sacrificial altar of Ru.
  9355 | D:9      | Found a deep blue altar of Sif Muna.
  9356 | D:9      | Found a snail-covered altar of Cheibriados.
  9379 | D:9      | Found a blossoming altar of Fedhas.
  9386 | D:9      | Gained mutation: Your spells are a little easier to cast, but a little less powerful. [helix card]
  9610 | D:9      | Drew Focus: Str increased to 19, Int decreased to 8
  9611 | D:9      | Gained mutation: You passively map a small area around you. [helix card]
  9922 | D:9      | Noticed namelastname112's ghost (novice DrGl)
  9975 | D:9      | Killed namelastname112's ghost
 10288 | D:9      | Found a sparkling altar of Nemelex Xobeh.
 10319 | D:9      | Reached skill level 11 in Maces & Flails
 11375 | D:10     | Entered Level 10 of the Dungeon
 11599 | D:10     | Reached XP level 11. HP: 88/95 MP: 11/11
 12511 | D:10     | Killed an unseen horror
 12938 | D:11     | Noticed a cyan ugly thing
 12978 | D:11     | Slain by a cyan ugly thing

Vault maps used:
D:1:      minmay_arrival_plants_in_alcoves
D:3:      lemuel_crystal_altar, hex_intersection
D:4:      lightli_ossuary_entry_decrepit_ruins, first_bread,
          grunt_decor_one_mirror, uniq_blork_the_orc
D:5:      makhleb_altar_promises_db, minmay_temple_entry_butterflies
D:6:      vehumet_altar_wand_db
D:7:      serial_shops, shop, shop, nicolae_shop_behind_doors, uniq_menkaure
D:8:      grunt_temple_overflow_gold_and_silver, okawaru_ov_weapons_minmay,
          nicolae_overflow_crystal_walls, the_bakery, zaba_antful_of_joy
D:9:      nemelex_deck, minitemple, orc_0_dummy
D:11:     dpeg_oklobed_lair
Temple:   circular_temple_6
Ossuary:  ossuary_tomb_3

Action                   |  1- 3 |  4- 6 |  7- 9 | 10-12 || total
-------------------------+-------+-------+-------+-------++-------
Melee: Flail             |   127 |    63 |       |   179 ||   369
       Whip              |       |    57 |   516 |   537 ||  1110
       Unarmed           |       |       |    25 |     9 ||    34
Invok: Call Merchant     |       |       |       |     1 ||     1
 Abil: Breathe Fire      |       |       |    11 |    19 ||    30
Evoke: Deck              |       |       |       |    19 ||    19
       Wand              |       |       |       |     2 ||     2
  Use: Potion            |       |     4 |     6 |     4 ||    14
       Scroll            |       |       |    11 |       ||    11
 Stab: Sleeping          |     4 |     1 |       |       ||     5
       Distracted        |       |     1 |     1 |     1 ||     3
  Eat: Chunk             |     2 |     4 |    15 |       ||    21
       Beef jerky        |       |       |     2 |       ||     2
       Meat ration       |       |       |       |     5 ||     5
